 Dungeon Crawl Stone Soup version 0.24.1-11-gbbbb2193e6 (webtiles) character file.

Game seed: 2086796603877420478, levelgen mode: deterministic

9632 lepoulpe303 the Demolition Dwarf (level 11, 0/98 HPs)
             Began as a Deep Dwarf Fighter on May 15, 2020.
             Was an Elder of Makhleb.
             Splashed by an acid dragon's acid (11 damage)
             ... on level 11 of the Dungeon.
             The game lasted 00:45:13 (8878 turns).

lepoulpe303 the Demolition Dwarf (DDFi)             Turns: 8878, Time: 00:45:14

Health: 0/98       AC:  9    Str: 21    XL:     11   Next: 25%
Magic:  16/16      EV: 10    Int: 10    God:    Makhleb [****..]
Gold:   427        SH: 13    Dex: 13    Spells: 10/10 levels left

rFire    . . .     SeeInvis +   a - +0 war axe
rCold    . . .     Gourm    .   A - +2 shield {rPois} {rPois}
rNeg     + . .     Faith    .   f - +0 chain mail
rPois    +         Spirit   .   n - +0 helmet of Ashenzari's Vengeance {SInv}
rElec    .         Reflect  .   (no cloak)
rCorr    .         Harm     .   O - +0 pair of gloves
MR       ++...                  (no boots)
Stlth    ..........             (no amulet)
HPRegen  0.00/turn              N - ring of positive energy {rN+}
MPRegen  0.15/turn              m - ring of protection from magic

@: corroded, non-regenerating, slowed, very slow
A: damage resistance, heal wounds, sense surroundings 2, no regeneration
a: Heal Wounds, Minor Destruction, Lesser Servant of Makhleb, Major Destruction,
Renounce Religion


You were on level 11 of the Dungeon.
You worshipped Makhleb.
Makhleb was greatly pleased with you.
You were not hungry.

You visited 1 branch of the dungeon, and saw 11 of its levels.
You also visited: Sewer.

You collected 659 gold pieces.
You spent 232 gold pieces at shops.

Inventory:

Hand Weapons
 a - a +0 war axe (weapon)
Missiles
 r - 29 poisoned darts (quivered)
Armour
 b - a +0 scale mail
 f - a +0 chain mail (worn)
 n - the +0 helmet of Ashenzari's Vengeance (worn) {SInv}
   (You found it on level 6 of the Dungeon)

   It lets you see invisible.
 x - a +2 helmet
 A - a +2 shield of poison resistance (worn) {rPois}
 D - a +0 plate armour
 O - a +0 pair of gloves (worn)
Jewellery
 m - a ring of protection from magic (right hand)
 C - an uncursed ring of resist corrosion
 F - an uncursed ring of protection from fire
 H - a cursed -3 ring of evasion {unknown}
 I - a +5 ring of intelligence
 N - a ring of positive energy (left hand) {rN+}
Wands
 u - a wand of flame (34)
 v - a wand of clouds (5)
 B - a wand of iceblast (7)
Scrolls
 c - 4 scrolls of amnesia {unknown}
 d - a scroll of enchant weapon {unknown}
 g - a scroll of fear
 h - a scroll of immolation {!r}
 i - 2 scrolls of identify
 o - a scroll of blinking {unknown}
 t - 2 scrolls of teleportation
 w - 3 scrolls of remove curse
 y - 2 scrolls of enchant armour
 G - a scroll of noise {unknown}
 L - a scroll of acquirement {unknown}
 M - a scroll of random uselessness {unknown}
Potions
 j - 2 potions of ambrosia {unknown}
 k - 2 potions of flight {unknown}
 l - 6 potions of heal wounds
 p - 2 potions of haste {unknown}
 q - 9 potions of curing
 s - 3 potions of agility
 z - a potion of lignification {unknown}
 J - a potion of resistance {unknown}
Comestibles
 e - 18 rations


   Skills:
 + Level 6.3 Fighting
 * Level 10.1 Axes
 + Level 7.7 Armour
 + Level 6.8 Dodging
 + Level 7.6 Shields
 * Level 11.1 Invocations


You had 10 spell levels left.
You didn't know any spells.
Your spell library contained the following spells:

 Spells                   Type           Power        Failure   Level  Hunger
 Corona                   Hex            #......      100%        1    ##.....
 Ensorcelled Hibernation  Hex/Ice        #.....       100%        2    ###....
 Confuse                  Hex            #.......     100%        3    ####...
 Dazzling Spray           Conj/Hex       #.....       100%        3    ####...
 Tukima's Dance           Hex            #.......     100%        3    ####...


Dungeon Overview and Level Annotations

Branches:
Dungeon (11/15)            Temple (0/1) D:6             Orc (0/2) D:9
  Sewer (visited)
   Lair: D:8-11

Altars:
Cheibriados
Dithmenos
Elyvilon
Fedhas
Hepliaklqana
Kikubaaqudgha
Makhleb
Nemelex Xobeh
Ru
Sif Muna
Trog
Xom
Yredelemnul
Zin
Beogh

Shops:
D:4 (   D:5 (   D:6 %%[   D:7 =


Innate Abilities, Weirdness & Mutations

You are resistant to damage.
You can heal yourself by infusing magical energy.
You passively map the area around you.
You do not regenerate.


Message History

* * * LOW HITPOINT WARNING * * *
The wraith drains your vigour!
You feel as though you will be slow longer.
You take 3 damage, and have 20/98 hp.
You slash the wraith!
Your smoke demon gestures at the wraith.
The sticky flame hits the wraith but does no damage.
The wraith hits your smoke demon. The acid dragon bites you.
* * * LOW HITPOINT WARNING * * *
The acid dragon claws you but does no damage.
You take 4 damage, and have 16/98 hp.
You barely miss the wraith. You closely miss the acid dragon.
Your smoke demon gestures at the wraith.
The sticky flame hits the wraith.
The wraith hits your smoke demon but does no damage.
The acid dragon spits acid at you. The splash of acid hits you!
* * * LOW HITPOINT WARNING * * *
The acid corrodes you!
You are splashed with acid!
You die...

...*#................. , ,
,
#..##.................,,*,
* #.......................#
,,
##......................$
,,,,,
.....#...#...............,,
*#.......#..####..##.....,
##..........#####........
#................D....... ,
#...............@#.......*
, ##..............3W...$...
, ###...#........=##......
,,, #.###........## .....
,, ##* ###....### .... , ,
, #.....# ... , #.....###
,.. * ##....# * ,., *
#...## ,,


You could see a wraith, an acid dragon and a friendly smoke demon.

Levels and vault maps discovered:
D:1:      sevenhm_arrival_forest_fort_small_4, layout_basic,
          grunt_decor_one_mirror
D:2:      layout_rooms, makhleb_heckhound_becter, zin_academy,
          minmay_misc_feat_diagonals, minmay_heptomino_w4
D:3:      cheibrodos_thug_alley, layout_basic, gup_sewer_entry_glass,
          first_ration, chequers_ecumenical_altar_simple,
          chequers_serial_rivers_room_a, uniq_ijyb
D:4:      layout_loops_ring, serial_shops, kennysheep_mini_moat
D:5:      layout_basic, lemuel_coloured_pillars_altar, kennysheep_mini,
          serial_shops, shop
D:6:      layout_cave_pools, minmay_temple_entry_metal_lava, serial_shops,
          nicolae_shop_waterfront, nicolae_shop_stone, shop
D:7:      layout_loops_ring, kennysheep_ying_yang, overflow_temple_1_default,
          nicolae_ru_awakened_eye, serial_shops, shop
D:8:      layout_cave_pools, overflow_temple_1_default, the_bakery,
          minmay_holes, uniq_joseph, uniq_maurice, uniq_gastronok
D:9:      layout_cave_pools, kennysheep_little_box, tgw_trog,
          chequers_temple_overflow_statue_of_worship,
          minmay_orc_entry_temple_small
D:10:     layout_loops_ring, st_stairs_3, minmay_splitting_lines
D:11:     layout_cave_pools, dpeg_lair_monsters, uniq_josephine

Notes
Turn   | Place    | Note
-------+----------+-------------------------------------------
     0 | D:1      | lepoulpe303 the Deep Dwarf Fighter began the quest for the
                  | Orb.
     0 | D:1      | Reached XP level 1. HP: 20/20 MP: 1/1
    43 | D:1      | Identified a +0 club
    85 | D:1      | Identified a +0 club
   158 | D:1      | Reached XP level 2. HP: 27/27 MP: 2/2
   224 | D:1      | Identified a +0 club
   224 | D:1      | Identified a +0 club
   272 | D:1      | Identified a +0 dagger
   383 | D:1      | Reached XP level 3. HP: 31/33 MP: 3/3
   636 | D:1      | Identified a +0 dagger
   642 | D:1      | Reached skill level 3 in Axes
   642 | D:1      | Reached skill level 1 in Dodging
   776 | D:2      | Identified a +0 club
   776 | D:2      | Identified an uncursed ring of protection from magic
   801 | D:2      | Identified a +0 club
   821 | D:2      | Found a burning altar of Makhleb.
   829 | D:2      | Reached skill level 3 in Fighting
   829 | D:2      | Reached XP level 4. HP: 32/42 MP: 4/4
   836 | D:2      | Became a worshipper of Makhleb the Destroyer
   908 | D:2      | Identified an uncursed ring of resist corrosion
   998 | D:2      | Identified a +0 club
  1081 | D:2      | Found a glowing silver altar of Zin.
  1091 | D:2      | Reached skill level 1 in Invocations
  1237 | D:2      | Identified a +0 club
  1395 | D:3      | Identified a +0 short sword
  1421 | D:3      | Identified a +0 whip
  1423 | D:3      | Found a glowing drain.
  1448 | D:3      | Reached XP level 5. HP: 18/49 MP: 4/6
  1448 | D:3      | HP: 12/49 [adder (3)]
  1449 | D:3      | Identified 2 potions of heal wounds
  1456 | D:3      | Reached skill level 4 in Armour
  1468 | D:3      | Found a faded altar of an unknown god.
  1483 | Sewer    | Entered a sewer
  1491 | Sewer    | Reached * piety under Makhleb
  1491 | Sewer    | Reached skill level 4 in Shields
  1491 | Sewer    | Reached skill level 2 in Invocations
  1498 | Sewer    | Reached skill level 2 in Dodging
  1553 | Sewer    | Identified a +0 short sword
  1570 | Sewer    | Reached skill level 4 in Axes
  1570 | Sewer    | Reached XP level 6. HP: 21/56 MP: 6/8
  1605 | Sewer    | Found a glowing silver altar of Zin.
  1850 | D:3      | Identified a +0 dagger
  1897 | D:3      | Identified a +0 club
  2013 | D:3      | Identified a +0 club
  2013 | D:3      | Identified a +0 leather armour
  2013 | D:3      | Noticed Ijyb
  2038 | D:3      | HP: 14/56 [Ijyb/+0 club (1)]
  2043 | D:3      | HP: 13/56 [Ijyb/+0 club (1)]
  2045 | D:3      | Killed Ijyb
  2077 | D:3      | HP: 12/56 [bullfrog skeleton (3)]
  2080 | D:3      | Reached skill level 3 in Invocations
  2165 | D:3      | Identified a +0 club
  2165 | D:3      | Identified a +0 dagger
  2165 | D:3      | Identified a +0 club
  2165 | D:3      | Identified a +0 club
  2171 | D:3      | Identified a +0 club
  2176 | D:3      | Identified a +0 dagger
  2226 | D:3      | Identified a +0 club
  2234 | D:3      | HP: 11/56 [kobold/+0 club (4)]
  2250 | D:3      | Identified a +0 dagger
  2250 | D:3      | Identified a +0 dagger
  2255 | D:3      | Identified a +2 dagger of draining
  2279 | D:3      | HP: 9/56 [big kobold/+2 dagger of draining (2)]
  2504 | D:4      | Identified a +2 helmet (You found it on level 4 of the
                  | Dungeon)
  2777 | D:4      | Reached ** piety under Makhleb
  3033 | D:4      | Found Fybbiga's Antique Weapon Boutique.
  3074 | D:5      | Entered Level 5 of the Dungeon
  3090 | D:5      | Identified an amulet of inaccuracy (You found it on level 1
                  | of the Dungeon)
  3091 | D:5      | Identified a scroll of fog
  3092 | D:5      | Identified a scroll of immolation
  3093 | D:5      | Identified a scroll of identify
  3093 | D:5      | Identified 3 potions of curing
  3094 | D:5      | Identified a scroll of enchant armour
  3095 | D:5      | Identified a scroll of remove curse
  3104 | D:5      | Identified a +0 short sword
  3112 | D:5      | Identified a cursed +0 flail
  3138 | D:5      | Identified a +0 dagger
  3138 | D:5      | Identified a +0 robe
  3138 | D:5      | Identified a +0 flail
  3138 | D:5      | Identified a +0 chain mail
  3154 | D:5      | Reached XP level 7. HP: 33/62 MP: 9/9
  3184 | D:5      | Reached skill level 5 in Axes
  3184 | D:5      | Reached skill level 4 in Invocations
  3231 | D:5      | Identified a +0 club
  3231 | D:5      | Identified a +0 leather armour
  3354 | D:5      | Found a sparkling altar of Nemelex Xobeh.
  3481 | D:5      | Found Xokke's Antique Weapon Boutique.
  3496 | D:5      | Identified a +0 giant spiked club
  3499 | D:5      | HP: 12/63 [ogre/+0 giant spiked club (21)]
  3502 | D:5      | Reached skill level 3 in Dodging
  3511 | D:5      | Identified a +0 hand axe
  3543 | D:5      | Found a shimmering blue altar of Sif Muna.
  3932 | D:6      | Found Loiwk's Antique Armour Shoppe.
  3934 | D:6      | Identified a +0 ring mail
  3935 | D:6      | Identified a +0 hand axe
  3935 | D:6      | Identified a +0 falchion
  3935 | D:6      | Identified a +0 scale mail
  4039 | D:6      | Identified a +0 dagger
  4039 | D:6      | Identified a +0 robe
  4039 | D:6      | Identified a +2 trident of venom
  4039 | D:6      | Identified a +0 ring mail
  4097 | D:6      | Identified a +0 giant club
  4148 | D:6      | Found Fuleh's Food Boutique.
  4197 | D:6      | Reached skill level 5 in Armour
  4197 | D:6      | Reached skill level 5 in Invocations
  4201 | D:6      | Got a steaming helmet
  4212 | D:6      | Identified the cursed +0 helmet of Ashenzari's Vengeance
                  | {SInv} (You found it on level 6 of the Dungeon)
  4249 | D:6      | Reached skill level 4 in Fighting
  4251 | D:6      | Identified a cursed ring of attention
  4254 | D:6      | Identified a +0 short sword
  4254 | D:6      | Identified a +0 ring mail
  4256 | D:6      | Identified a +0 club
  4256 | D:6      | Identified a +0 leather armour
  4277 | D:6      | Reached XP level 8. HP: 60/72 MP: 10/10
  4688 | D:6      | Found a staircase to the Ecumenical Temple.
  4695 | D:6      | You fall into a shaft and drop 3 floors!
  4697 | D:9      | Found a staircase to the Orcish Mines.
  4697 | D:9      | Noticed a hornet
  4697 | D:9      | Identified a +0 mace
  4698 | D:9      | Noticed a troll
  4699 | D:9      | Identified a +0 whip
  4700 | D:9      | Identified a scroll of teleportation
  4700 | D:9      | Identified a +0 dagger
  4703 | D:9      | Identified a cursed -1 trident
  4703 | D:9      | Identified a +0 ring mail
  4703 | D:9      | Identified a +0 shield
  4703 | D:9      | Identified a +0 club
  4703 | D:9      | Identified a +0 spear
  4703 | D:9      | Identified a +0 halberd
  4703 | D:9      | Identified a +0 flail
  4704 | D:9      | Identified a +0 club
  4705 | D:9      | Identified a scroll of fear
  4745 | D:8      | HP: 15/72 [poisoned by a killer bee]
  4747 | D:8      | HP: 4/72 [killer bee (4)]
  4796 | D:8      | Reached skill level 5 in Shields
  4810 | D:8      | Identified a +1 hat of magic resistance
  4810 | D:8      | Noticed Gastronok
  4821 | D:8      | Found a snail-covered altar of Cheibriados.
  4852 | D:8      | Reached *** piety under Makhleb
  4852 | D:8      | Reached skill level 6 in Axes
  4866 | D:8      | HP: 9/72 [Gastronok (11)]
  4870 | D:8      | HP: 2/72 [smoke demon][the player character] (7)]
  4871 | D:8      | Killed Gastronok
  4871 | D:8      | Reached skill level 7 in Axes
  4871 | D:8      | Reached skill level 4 in Dodging
  4871 | D:8      | Reached skill level 7 in Invocations
  4871 | D:8      | Gained mutation: You passively map the area around you.
                  | [Deep Dwarf growth]
  4871 | D:8      | Reached XP level 9. HP: 35/79 MP: 11/13
  4961 | D:8      | Identified a cursed -3 short sword
  4961 | D:8      | Identified a +0 cloak
  4961 | D:8      | Noticed Maurice
  4961 | D:8      | Identified a +0 mace
  4961 | D:8      | Identified a +0 plate armour
  4961 | D:8      | Identified a +0 club
  4962 | D:8      | Identified a cursed +0 dagger
  4962 | D:8      | Identified a +0 robe
  5001 | D:7      | Reached skill level 6 in Armour
  5114 | D:6      | Found Ekuqaedd's Food Emporium.
  5408 | D:7      | Identified a +0 giant spiked club
  5413 | D:7      | Reached skill level 6 in Shields
  5413 | D:7      | Reached skill level 8 in Invocations
  5492 | D:7      | Found Sosugaen's Jewellery Boutique.
  5590 | D:7      | Identified a cursed +2 dagger
  5590 | D:7      | Identified a +0 robe
  5590 | D:7      | Identified a +0 battleaxe
  5590 | D:7      | Identified a +0 robe
  5607 | D:7      | Reached skill level 5 in Fighting
  5607 | D:7      | Reached skill level 5 in Dodging
  5669 | D:7      | Found a sacrificial altar of Ru.
  5702 | D:7      | Identified a +0 shortbow
  5704 | D:7      | HP: 18/81 [killer bee (6)]
  5712 | D:7      | HP: 7/81 [killer bee (5)]
  5744 | D:7      | Reached skill level 8 in Axes
  5809 | D:7      | Found a white marble altar of Elyvilon.
  5863 | D:7      | Found a basalt altar of Yredelemnul.
  5993 | D:7      | Found a hazy altar of Hepliaklqana.
  6143 | D:7      | Identified a +0 scimitar
  6143 | D:7      | Identified a +0 robe
  6186 | D:8      | Identified a +0 mace
  6194 | D:8      | Killed Maurice
  6200 | D:8      | HP: 12/81 [orc warrior/+0 mace (16)]
  6233 | D:8      | Identified a +0 quarterstaff
  6233 | D:8      | Identified a cursed -1 hunting sling
  6233 | D:8      | Identified a +0 leather armour
  6233 | D:8      | Noticed Joseph
  6255 | D:8      | Killed Joseph
  6255 | D:8      | Reached skill level 9 in Invocations
  6255 | D:8      | Reached XP level 10. HP: 26/88 MP: 15/15
  6542 | D:8      | Identified a +0 dagger
  6542 | D:8      | Identified a +0 robe
  6554 | D:8      | HP: 21/88 [spriggan baker/+0 dagger (2)]
  6561 | D:8      | HP: 16/88 [spriggan baker/+0 dagger (5)]
  6566 | D:8      | HP: 9/88 [spriggan baker/+0 dagger (7)]
  6570 | D:8      | HP: 3/88 [spriggan baker/+0 dagger (4)]
  6691 | D:8      | Paralysed by a hornet for 3 turns
  6692 | D:8      | HP: 16/88 [hornet (10)]
  6695 | D:8      | HP: 3/88 [hornet (5)]
  6696 | D:8      | Paralysed by a hornet for 1 turns
  6709 | D:8      | HP: 19/88 [killer bee (4)]
  6735 | D:9      | Identified a +0 ring mail
  6760 | D:9      | Identified a +0 shortbow
  6836 | D:9      | HP: 22/88 [gnoll sergeant/cursed -1 trident (7)]
  6841 | D:9      | HP: 19/88 [killer bee (2)]
  6844 | D:9      | HP: 6/88 [gnoll sergeant/cursed -1 trident (7)]
  6895 | D:9      | Noticed a moth of wrath
  6898 | D:9      | Found a bloodstained altar of Trog.
  6942 | D:9      | Identified a cursed -1 war axe (You found it on level 9 of
                  | the Dungeon)
  6952 | D:9      | Identified a +0 war axe
  6999 | D:9      | Reached **** piety under Makhleb
  6999 | D:9      | Reached skill level 7 in Armour
  7025 | D:9      | HP: 22/90 [troll (9)]
  7028 | D:9      | HP: 6/90 [troll (9)]
  7033 | D:9      | HP: 11/90 [troll (11)]
  7045 | D:9      | Reached skill level 9 in Axes
  7051 | D:9      | Identified a +0 dagger
  7051 | D:9      | Identified a +0 robe
  7054 | D:9      | Identified a +0 club
  7054 | D:9      | Identified a +0 ring mail
  7093 | D:9      | Identified a +0 mace
  7108 | D:9      | Identified an uncursed ring of protection from fire
  7114 | D:9      | Identified a +0 whip
  7123 | D:9      | Identified a +0 hand axe
  7126 | D:9      | HP: 20/91 [centaur (3)]
  7127 | D:9      | Reached skill level 6 in Dodging
  7131 | D:9      | Identified a +0 dagger
  7132 | D:9      | HP: 16/91 [orc/+0 hand axe (2)]
  7135 | D:9      | Identified a +0 mace
  7148 | D:9      | Found a roughly hewn altar of Beogh.
  7230 | D:9      | Identified a cursed -1 flail
  7230 | D:9      | Identified a +0 leather armour
  7293 | D:9      | Found a blossoming altar of Fedhas.
  7294 | D:9      | Found a shimmering altar of Xom.
  7294 | D:9      | Found an ancient bone altar of Kikubaaqudgha.
  7329 | D:9      | Identified a ring of intelligence (You found it on level 9
                  | of the Dungeon)
  7331 | D:9      | Identified a ring of positive energy (You found it on level
                  | 9 of the Dungeon)
  7486 | D:9      | Found a shadowy altar of Dithmenos.
  7617 | D:6      | Bought a runed shield for 232 gold pieces
  7627 | D:6      | Identified a +2 shield of poison resistance (You bought it
                  | in a shop on level 6 of the Dungeon)
  7728 | D:10     | Entered Level 10 of the Dungeon
  7785 | D:10     | Identified a +0 shortbow
  7796 | D:10     | Reached skill level 7 in Shields
  7828 | D:10     | Identified a +0 troll leather armour
  7828 | D:10     | Reached skill level 10 in Invocations
  8022 | D:10     | Identified a cursed +3 falchion
  8022 | D:10     | Identified a +0 robe
  8032 | D:10     | Identified a +0 long sword
  8032 | D:10     | Identified a cursed +0 robe
  8041 | D:10     | Identified a +3 falchion
  8041 | D:10     | Identified a +0 robe
  8197 | D:10     | HP: 3/91 [komodo dragon (24)]
  8205 | D:10     | HP: 12/91 [komodo dragon (12)]
  8218 | D:10     | HP: 22/91 [komodo dragon (4)]
  8421 | D:10     | Identified a +0 pair of gloves (You found it on level 10 of
                  | the Dungeon)
  8430 | D:11     | Identified a cursed -2 giant club
  8443 | D:11     | HP: 22/91 [shadow (6)]
  8444 | D:11     | Reached skill level 6 in Fighting
  8460 | D:11     | Identified a +1 helmet (You found it on level 11 of the
                  | Dungeon)
  8471 | D:11     | Identified a +0 mace
  8472 | D:11     | Identified a +4 short sword
  8479 | D:11     | Identified a +0 dagger
  8479 | D:11     | Identified a +0 chain mail
  8480 | D:11     | Identified a +0 club
  8480 | D:11     | Identified a +0 mace of crushing
  8536 | D:11     | Identified a +0 shortbow
  8536 | D:11     | Identified a +0 shortbow
  8544 | D:11     | Identified a +2 shortbow of flaming
  8546 | D:11     | Identified a +0 shortbow
  8550 | D:11     | Identified a +0 shortbow
  8556 | D:11     | HP: 16/91 [centaur/arrow (9)]
  8556 | D:11     | Identified a +0 shortbow
  8566 | D:11     | HP: 12/91 [centaur (6)]
  8581 | D:11     | Noticed a manticore
  8586 | D:11     | HP: 15/91 [manticore/volley of spikes (4)]
  8589 | D:11     | HP: 7/91 [manticore/volley of spikes (8)]
  8591 | D:11     | HP: 1/91 [manticore (6)]
  8597 | D:11     | HP: 13/91 [manticore (3)]
  8598 | D:11     | Killed a manticore
  8598 | D:11     | Reached XP level 11. HP: 14/97 MP: 16/16
  8668 | D:11     | Noticed a death yak
  8678 | D:11     | Noticed a death yak
  8690 | D:10     | HP: 14/97 [death yak (23)]
  8695 | D:10     | HP: 7/97 [death yak (7)]
  8701 | D:10     | Killed a death yak
  8742 | D:11     | HP: 22/97 [hell rat (7)]
  8756 | D:11     | HP: 18/97 [hell rat (7)]
  8763 | D:11     | HP: 11/97 [hell rat (11)]
  8765 | D:11     | Reached skill level 10 in Axes
  8777 | D:11     | Noticed a death yak
  8787 | D:10     | HP: 23/97 [porcupine (6)]
  8832 | D:11     | Identified 3 potions of agility
  8857 | D:11     | HP: 24/97 [wraith[Josephine] (1)]
  8861 | D:11     | Identified a +4 dagger of freezing
  8861 | D:11     | Identified a +2 robe of cold resistance
  8861 | D:11     | Noticed Josephine
  8863 | D:11     | HP: 12/97 [Josephine/ghostly fireball (12)]
  8865 | D:11     | Reached skill level 11 in Invocations
  8872 | D:11     | HP: 7/97 [smoke demon][the player character] (7)]
  8873 | D:11     | Killed Josephine
  8877 | D:11     | HP: 16/98 [acid dragon (4)]
  8878 | D:11     | Splashed by an acid dragon's acid

Table legend:
 A = Turns spent in this place as a percentage of turns spent in the entire game.
 B = Non-inter-level travel turns spent in this place as a percentage of non-inter-level travel turns spent in the entire game.
 C = Inter-level travel turns spent in this place as a percentage of turns spent in this place.
 D = Turns resting spent in this place as a percentage of non-inter-level travel turns spent in this place.
 E = Turns spent auto-exploring this place as a percentage of non-inter-level travel turns spent in this place.
 F = Non-inter-level travel turns spent in this place divided by the number of levels of this place that you've seen.
                   A       B       C       D       E      F
               +-------+-------+-------+-------+-------+----------------------
         Total | 100.0 | 100.0 |   7.1 |   4.5 |  61.0 | 687.1
       Dungeon |  97.7 |  97.5 |   7.3 |   4.4 |  61.4 | 730.6
         Sewer |   2.3 |   2.5 |   0.0 |   8.2 |  46.2 | 208.0
               +-------+-------+-------+-------+-------+----------------------

Table legend:
 A = Kills in this place as a percentage of kills in entire the game.
 B = Kills by you in this place as a percentage of kills by you in the entire game.
 C = Kills by friends in this place as a percentage of kills by friends in the entire game.
 D = Other kills in this place as a percentage of other kills in the entire game.
 E = Experience gained in this place as a percentage of experience gained in the entire game.
 F = Experience gained in this place divided by the number of levels of this place that you have seen.
                   A       B       C       D       E      F
               +-------+-------+-------+-------+-------+----------------------
         Total | 100.0 | 100.0 | 100.0 | 100.0 | 100.0 | 1146.8
       Dungeon |  97.3 |  97.2 | 100.0 | 100.0 |  99.0 | 1237.9
         Sewer |   2.7 |   2.8 |   0.0 |   0.0 |   1.0 | 144.0
               +-------+-------+-------+-------+-------+----------------------

Skill      XL: |  1  2  3  4  5  6  7  8  9 10 11 |
---------------+----------------------------------+-----
Axes           | 3 4 5 7 8 9 10 | 10.1
Dodging        | 1 2 3 4 5 6 |  6.8
Fighting       | 3 4 5 6 |  6.3
Invocations    | 1 2 3 5 7 9 10 11 | 11.1
Armour         | 4 5 6 7 |  7.7
Shields        | 4 5 6 7 |  7.6

Action                   |  1- 3 |  4- 6 |  7- 9 | 10-12 || total
-------------------------+-------+-------+-------+-------++-------
Melee: War axe           |    95 |   226 |   372 |   470 ||  1163
Throw: Dart              |       |       |    14 |    72 ||    86
Invok: Lesser Servant of |       |       |     2 |     3 ||     5
 Abil: Heal Wounds       |       |     1 |     6 |    13 ||    20
Evoke: Wand              |       |    12 |     3 |     3 ||    18
  Use: Potion            |       |     1 |     3 |     1 ||     5
       Scroll            |       |     5 |     2 |     3 ||    10
 Stab: Paralysed         |       |     7 |       |       ||     7
  Eat: Chunk             |       |     5 |     9 |     9 ||    23
       Ration            |       |     1 |     2 |     1 ||     4
Armor: Scale mail        |    45 |   102 |    17 |       ||   164
       Chain mail        |       |       |   185 |   237 ||   422
Dodge: Dodged            |    35 |    55 |   136 |   182 ||   408
Block: Shield            |    44 |   120 |   251 |   356 ||   771

Vanquished Creatures
  Josephine (D:11)
  A death yak (D:10)
  A manticore (D:11)
  A komodo dragon (D:10)
  2 trolls
  A hippogriff (D:7)
  A meliai zombie (D:9)
  A shadow (D:11)
  A spriggan (D:8)
  2 wraiths (D:11)
  2 hungry ghosts
  2 porcupines
  3 ice beasts
  2 black bears
  A necrophage (D:8)
  An orc warrior (D:8)
  A sky beast (D:5)
  4 ogres
  A phantom (D:7)
  8 centaurs
  2 big kobolds
  A gnoll sergeant (D:9)
  A water moccasin zombie (D:9)
  4 scorpions
  12 killer bees
  6 wights
  2 crimson imps
  A howler monkey (D:7)
  A bullfrog zombie (D:8)
  2 jellies
  A quasit (D:8)
  4 orc priests
  5 hounds
  3 orc wizards
  2 bullfrog skeletons
  2 iguanas (D:6)
  Ijyb (D:3)
  3 hell rats (D:11)
  9 worker ants
  A hound zombie (D:6)
  A hound skeleton (D:5)
  2 worker ant zombies
  5 gnolls
  A howler monkey skeleton (D:6)
  12 adders
  4 river rats
  2 shadow imps
  An ooze (D:3)
  An adder zombie (D:9)
  6 worms
  4 dart slugs
  4 leopard geckos
  26 orcs
  7 bats
  7 giant cockroaches
  7 goblins
  8 hobgoblins
  9 jackals
  3 quokkas
  2 ball pythons
  6 frilled lizards
  11 kobolds
  A leopard gecko skeleton (D:4)
  A quokka skeleton (D:7)
  15 rats
246 creatures vanquished.

Vanquished Creatures (collateral kills)
  Gastronok (D:8)
  Maurice (D:8)
  Joseph (D:8)
  A hornet (D:8)
  A crimson imp (D:8)
  An orc wizard (D:8)
  A worker ant (D:8)
  An adder (D:10)
  2 orcs (D:8)
  A quokka (D:8)
11 creatures vanquished.

Vanquished Creatures (others)
  A sky beast (D:7)
  A gnoll (D:1)
2 creatures vanquished.

Grand Total: 259 creatures vanquished
